 Dungeon Crawl Stone Soup version 0.30-a0-368-g86fb4627a9 (webtiles) character file.

Game seed: 1089837227303538662

156 oldriver the Magician (level 5, -2/40 HPs)
             Began as a Mummy Necromancer on Nov 19, 2022.
             Was an Initiate of Qazlal.
             Slain by a phantom (6 damage)
             ... on level 4 of the Dungeon.
             The game lasted 00:04:38 (3363 turns).

oldriver the Magician (Mummy Necromancer)           Turns: 3363, Time: 00:04:38

Health: -2/40      AC:  2    Str: 11    XL:     5   Next: 14%
Magic:  2/12       EV: 12    Int: 17    God:    Qazlal [......]
Gold:   172        SH:  0    Dex: 12    Spells: 3/13 levels left

rFire   x . .      SeeInvis .    i - +0 trident
rCold   + . .      Faith    +    (no shield)
rNeg    + + +      Spirit   .    a - +0 robe
rPois   ∞          Reflect  .    (no helmet)
rElec   .          Harm     .    (no cloak)
rCorr   +          Rampage  .    (no gloves)
Will    .....                    (no boots)
Stlth   ++........               (no amulet)
HPRegen 0.26/turn                d - ring of resist corrosion
MPRegen 0.13/turn                (no ring)

@: about to teleport
A: cold resistance 1, negative energy resistance 3, torment resistance 2, heat
vulnerability 1, in touch with death 1, no potions, faith
a: Renounce Religion


You were on level 4 of the Dungeon.
You worshipped Qazlal.
Qazlal was noncommittal.
You visited 1 branch of the dungeon, and saw 4 of its levels.

You collected 172 gold pieces.

Inventory:

Hand Weapons
 i - a +0 trident (weapon)
 m - the +5 spear of Gehenna {antimagic, Str+6 Dex+4}
   (You found it on level 3 of the Dungeon)

   It reduces the magical energy of the wielder, and disrupts the spells and
   magical abilities of those it strikes.
   Natural abilities and divine invocations are not affected.
   Str:       It affects your strength (+6).
   Dex:       It affects your dexterity (+4).
Missiles
 k - 17 stones
Armour
 a - a +0 robe (worn)
Jewellery
 d - a ring of resist corrosion (left hand)
 o - an amulet of regeneration
Scrolls
 b - 2 scrolls of blinking {unknown}
 c - a scroll of fear {unknown}
 e - a scroll of immolation {unknown}
 f - a scroll of teleportation
 g - a scroll of identify {unknown}
 h - a scroll of vulnerability {unknown}
 j - a scroll of amnesia {unknown}
 l - a scroll of enchant armour {unknown}
 n - a scroll of noise {unknown}


   Skills:
 + Level 2.9 Fighting
 - Level 1.5 Dodging
 - Level 1.5 Stealth
 + Level 4.7 Spellcasting
 + Level 4.1 Necromancy
 + Level 1.2 Earth Magic


You had 3 spell levels left.
You knew the following spells:

 Your Spells              Type           Power      Damage    Failure   Level
a - Necrotise             Necr           100%       1d9       2%          1
b - Vampiric Draining     Necr           27%        2d7       9%          3
c - Stone Arrow           Conj/Erth      12%        3d7       34%         3
s - Sandblast             Erth           16%        2d6       9%          1
w - Passwall              Tmut/Erth      5%         N/A       17%         2

Your spell library contained the following spells:

 Spells                   Type           Power      Damage    Failure   Level
 Cigotuvi's Dreadful Rot  Necr/Pois/Air  24%        N/A       13%         2
 Poisonous Vapours        Pois/Air       6%         N/A       22%         2
 Static Discharge         Conj/Air       6%         2-3/arc   22%         2
 Call Canine Familiar     Summ           3%         N/A       41%         3
 Inner Flame              Hex/Fire       3%         N/A       41%         3
 Mephitic Cloud           Conj/Pois/Air  3%         N/A       41%         3
 Portal Projectile        Hex/Tloc       6%         N/A       41%         3
 Vhi's Electric Charge    Tloc/Air       6%         N/A       41%         3
 Animate Dead             Necr           27%        N/A       26%         4
 Agony                    Necr           27%        N/A       58%         5
 Leda's Liquefaction      Hex/Erth       3%         N/A       75%         4
 Flame Wave               Conj/Fire      3%         2d5       82%         4
 Sticky Flame             Conj/Fire      3%         2d3       82%         4
 Arcjolt                  Conj/Air       1%         1d11      99%         5
 Lightning Bolt           Conj/Air       1%         1d12      99%         5


Dungeon Overview and Level Annotations

Branches:
Dungeon (4/15)
 Temple: D:4-7

Altars:
Okawaru
Qazlal
Vehumet


Innate Abilities, Weirdness & Mutations

You are immune to poison.
Your flesh is cold resistant. (rC+)
You are immune to negative energy. (rN+++)
You are immune to unholy pain and torment.
You are vulnerable to heat. (rF-)
You are in touch with the powers of death.
You do not drink.
You have a special connection with the divine. (Faith)


Message History

Aiming: Sandblast (safe; 9% risk of failure)
Press: ? - help, Shift-Dir - straight line, f/p - phantom
Aim: a phantom (severely damaged, 73% to hit)
The blast of sand hits the phantom but does no damage.
The phantom is severely damaged.
The phantom barely misses you. The phantom misses you.
Unknown command.
Casting: Sandblast (safe; 9% risk of failure)
Confirm with . or Enter, or press ? or * to list all spells.
Aiming: Sandblast (safe; 9% risk of failure)
Press: ? - help, Shift-Dir - straight line, f/p - phantom
Aim: a phantom (severely damaged, 73% to hit)
The blast of sand hits the phantom but does no damage.
The phantom is severely damaged.
The phantom hits you.
* * * LOW HITPOINT WARNING * * *
The phantom blinks!
You blink.
As you read the scroll of teleportation, it crumbles to dust.
You feel strangely unstable. The phantom hits you.
* * * LOW HITPOINT WARNING * * *
The phantom blinks!
You blink.
Unknown command.
Casting: Sandblast (safe; 9% risk of failure)
Confirm with . or Enter, or press ? or * to list all spells.
Aiming: Sandblast (safe; 9% risk of failure)
Press: ? - help, Shift-Dir - straight line, f/p - phantom
Aim: a phantom (severely damaged, 73% to hit)
The blast of sand hits the phantom but does no damage.
The phantom is severely damaged.
The phantom closely misses you. x2
Unknown command.
Casting: Sandblast (safe; 9% risk of failure)
Confirm with . or Enter, or press ? or * to list all spells.
Aiming: Sandblast (safe; 9% risk of failure)
Press: ? - help, Shift-Dir - straight line, f/p - phantom
Aim: a phantom (severely damaged, 73% to hit)
The blast of sand hits the phantom.
The phantom is almost destroyed.
The phantom hits you.
You die...

#.# #.#### ##.##.##
.......# ##..#.## ##....#
#.....#
.<....############ #.
###.#.........§W@# #.
#.############.# .W #.#
##.# . # #+# ##..# .#.
#.#.# #$# ####.##### #.##
#........# #..##
####....###.######...####
+....)...........W......+


You could see a phantom.

Vanquished Creatures
  An orc priest (D:3)
  4 gnolls
  2 adders
  3 worms (D:2)
  A dart slug (D:2)
  5 orcs
  5 bats
  7 endoplasms
  3 giant cockroaches
  3 goblins
  A hobgoblin (D:1)
  2 quokkas
  8 ball pythons
  4 frilled lizards (D:2)
  5 kobolds
  4 rats
58 creatures vanquished.

Notes
Turn   | Place    | Note
-------+----------+-------------------------------------------
     0 | D:1      | oldriver the Mummy Necromancer began the quest for the Orb.
     0 | D:1      | Reached XP level 1. HP: 13/13 MP: 4/4
   300 | D:1      | Reached skill level 1 in Fighting
   382 | D:1      | Reached XP level 2. HP: 21/21 MP: 0/6
  1257 | D:2      | Gained mutation: You are in touch with the powers of death.
                  | [Mummy growth]
  1257 | D:2      | Reached XP level 3. HP: 24/27 MP: 2/8
  1261 | D:2      | Learned a level 3 spell: Vampiric Draining
  1263 | D:2      | Learned a level 1 spell: Sandblast
  1345 | D:2      | Learned a level 2 spell: Passwall
  1964 | D:2      | Learned a level 3 spell: Stone Arrow
  2262 | D:3      | Found a stormy altar of Qazlal.
  2302 | D:3      | Found a radiant altar of Vehumet.
  2329 | D:3      | Became a worshipper of Qazlal Stormbringer
  2348 | D:3      | Identified the +5 spear of Gehenna {antimagic, Str+6 Dex+4}
  2366 | D:3      | Reached XP level 4. HP: 16/34 MP: 1/10
  2559 | D:2      | Reached skill level 1 in Earth Magic
  2782 | D:3      | Found an iron altar of Okawaru.
  2894 | D:3      | Reached XP level 5. HP: 40/40 MP: 8/11
  3319 | D:4      | Noticed a phantom
  3363 | D:4      | Slain by a phantom

Illustrated notes

Levels and vault maps discovered:
D:1:      wander_arrival_lonely_grave, layout_loops_cross
D:2:      layout_basic, basic_altar, hangedman_decor_growths,
          minmay_misc_feat_tower, kennysheep_generic_room_5
D:3:      layout_basic, mainiacjoe_overflow_small_starburst,
          nicolae_qazlal_eye_of_the_storm, old_standard_altar
D:4:      layout_loops_corners

Skill      XL: |  1  2  3  4 |
---------------+-------------+-----
Spellcasting   | 3 4 |  4.7
Fighting       | 1 2 |  2.9
Earth Magic    | 1 |  1.2
Dodging        | |  1.5
Stealth        | |  1.5
Necromancy     | |  4.1

Action                   |  1- 3 |  4- 6 || total
-------------------------+-------+-------++-------
Melee: Unarmed           |     4 |       ||     4
       Trident           |    18 |    14 ||    32
 Cast: Necrotise         |    79 |    36 ||   115
       Vampiric Draining |     1 |       ||     1
       Sandblast         |       |    12 ||    12
  Use: Scroll            |     1 |     1 ||     2
 Stab: Sleeping          |     1 |       ||     1
Armor: Robe              |     1 |     6 ||     7
Dodge: Dodged            |    29 |    23 ||    52

Table legend: (Time is in decaauts)
 A = Elapsed time spent in this place.
 B = Non-inter-level travel time spent in this place.
 C = Inter-level travel time spent in this place.
 D = Time resting spent in this place.
 E = Time spent auto-exploring this place.
 F = Levels seen in this place.
 G = Mean time per level.
                   A        B        C        D        E       F      G
               +--------+--------+--------+--------+--------+-----+--------+
         Total |   3380 |   3183 |    197 |    397 |   2266 |   4 |  845.0 |
       Dungeon |   3380 |   3183 |    197 |    397 |   2266 |   4 |  845.0 |
               +--------+--------+--------+--------+--------+-----+--------+

Top non-repeatable levels by time:
     D:2: 1323 daAuts
     D:1: 1059 daAuts
     D:3: 858 daAuts
     D:4: 138 daAuts
